 Dungeon Crawl Stone Soup version 0.31-a0-986-g5e6e4ef867 (webtiles) character file.

Game seed: 1754432809012845553

491 mandarbmax the Destroyer (level 7, -1/36 HPs)
             Began as a Tengu Conjurer on Nov 13, 2023.
             Was an Initiate of Ashenzari.
             Succumbed to a gnoll sergeant's poison
             ... on level 5 of the Dungeon.
             The game lasted 00:09:42 (4633 turns).

mandarbmax the Destroyer (Tengu Conjurer)           Turns: 4633, Time: 00:09:43

Health: -1/36      AC: 13    Str:  5 (8)  XL:     7   Next: 14%
Magic:  3/13       EV:  8    Int: 18 (20) God:    Ashenzari [......]
Gold:   213        SH:  4    Dex: 11 (12) Spells: 7/13 levels left

rFire   x . .        i - staff of conjuration
rCold   + + .        m - +0 buckler
rNeg    . . .        g - +0 ice dragon scales
rPois   .            h - +2 hat
rElec   .            l - +0 cloak
rCorr   .            (no gloves)
SInv    .            (boots unavailable)
Will    .....        p - amulet of faith Stlth
                     (no ring)
HPRegen 0.26/turn    (no ring)
MPRegen 0.13/turn

%: acrobat, faith
@: lethally poisoned (-1 -> -20), flying, hasted, very quick
A: beak, talons 3, evasive flight, acrobatic
a: Renounce Religion


You were on level 5 of the Dungeon.
You worshipped Ashenzari.
Ashenzari was noncommittal.
You visited 2 branches of the dungeon, and saw 6 of its levels.

You collected 213 gold pieces.

Inventory:

Missiles
 v - 2 throwing nets
Armour
 a - a +0 robe
 g - +0 ice dragon scales (worn)
 h - a +2 hat (worn)
 l - a +0 cloak (worn)
 m - a +0 buckler (worn)
Magical Staves
 i - a staff of conjuration (weapon)
Jewellery
 o - an amulet of guardian spirit
 p - an amulet of faith (around neck)
Wands
 w - a wand of flame (15)
Scrolls
 f - a scroll of identify {unknown}
 k - a scroll of fear {unknown}
 n - 4 scrolls of teleportation {unknown}
 q - 2 scrolls of immolation {unknown}
 t - a scroll of noise {unknown}
Potions
 b - 2 potions of magic
 c - a potion of mutation {unknown}
 d - 2 potions of degeneration
 e - 3 potions of lignification {unknown}
 j - 2 potions of haste
 r - a potion of curing {unknown}
 s - 3 potions of brilliance {unknown}
 u - a potion of heal wounds {unknown}


   Skills:
 * Level 3.7 Armour
 - Level 2.1 Dodging
 - Level 2.0 Stealth
 + Level 1.7 Shields
 + Level 3.6 Spellcasting
 * Level 8.3 Conjurations


You had 7 spell levels left.
You knew the following spells:

 Your Spells              Type           Power      Damage    Failure   Level
a - Magic Dart            Conj           100%       1d8       34%         1
b - Searing Ray           Conj           98%        2d8       45%         2
c - Swiftness             Air            3%         N/A       100%        3

Your spell library contained the following spells:

 Spells                   Type           Power      Damage    Failure   Level
 Shock                    Conj/Air       100%       1d9       88%         1
 Momentum Strike          Conj/Tloc      54%        3d9       96%         2
 Dazzling Flash           Conj/Hex       54%        N/A       99%         3
 Blink                    Tloc           6%         N/A       100%        2
 Lesser Beckoning         Tloc           6%         N/A       100%        2
 Tukima's Dance           Hex            3%         N/A       100%        3
 Airstrike                Air            1%         2d(1-17)  100%        4
 Dimensional Bullseye     Hex/Tloc       1%         N/A       100%        4
 Fulminant Prism          Conj/Hex       13%        3d9       100%        4
 Iskenderun's Mystic Bla  Conj/Tloc      27%        2d7       100%        4


Dungeon Overview and Level Annotations

Branches:
Dungeon (5/15)             Temple (1/1) D:4

Altars:
Ashenzari
Elyvilon
Kikubaaqudgha
Makhleb
Qazlal
Sif Muna
Trog
Vehumet
Wu Jian
Xom
Zin
The Shining One

Shops:
D:2 [   D:5 ?

Annotations:
D:4 1 runed translucent door, Crazy Yiuf
D:5 Robin


Innate Abilities, Weirdness & Mutations

You have a beak for a mouth.
You have claws for feet.
Your magical flight helps you evade attacks. (EV +4)
You can magically evade attacks while moving or waiting.


Message History

The gnoll sergeant is heavily wounded.
The gnoll sergeant misses you.
Unknown command.
The searing ray misses the gnoll sergeant.
You finish channelling your searing ray.
The gnoll sergeant completely misses you.
Casting: Searing Ray (safe; 14% risk of failure)
Confirm with . or Enter, or press ? or * to list all spells.
Aiming: Searing Ray (safe; 14% risk of failure)
Press: ? - help, Shift-Dir - straight line, f - gnoll sergeant
Aim: a gnoll sergeant, wielding a +1 spear of venom and wearing a +0 scale mail (heavily wounded, 87% to hit)
You feel a surge of power!
The searing ray hits the gnoll sergeant.
The gnoll sergeant is heavily wounded. (Press . to maintain the ray.)
The gnoll sergeant hits you but does no damage.
You are poisoned.
The searing ray hits the gnoll sergeant but does no damage.
The gnoll sergeant is heavily wounded.
You feel sick.
The gnoll sergeant hits you with a +1 spear of venom!
You are more poisoned.
The searing ray hits the gnoll sergeant!
The gnoll sergeant is almost dead.
You feel very sick.
The gnoll sergeant completely misses you.
Unknown command.
The searing ray misses the gnoll sergeant.
You finish channelling your searing ray.
You feel very sick.
The gnoll sergeant completely misses you.
Unknown command.
It was a potion of degeneration.
There was something very wrong with that liquid.
You feel weakened.
You feel dopey.
You feel clumsy.
You feel very sick.
The gnoll sergeant hits you with a +1 spear of venom!
* * * LOW HITPOINT WARNING * * *
You are more poisoned.
It was a potion of haste.
You feel yourself speed up.
You die...

..#.######
#$)..g#.#
#@.# ##.# ..
#######.# #.#
#.......#
#...#...#####
#..#...#
#..#...#
####...>..#
.......#.##


You could see a gnoll sergeant.

Vanquished Creatures
  Menkaure (D:4)
  2 ogres
  Ijyb (D:5)
  An iguana (D:5)
  4 adders
  4 gnolls (D:5)
  A worm (D:2)
  A dart slug (D:3)
  4 orcs
  7 endoplasms
  3 giant cockroaches (D:4)
  8 goblins
  9 hobgoblins
  A quokka (D:4)
  7 ball pythons
  7 bats
  6 frilled lizards
  4 kobolds
  14 rats
85 creatures vanquished.

Notes
Turn   | Place    | Note
-------+----------+-------------------------------------------
     0 | D:1      | mandarbmax the Tengu Conjurer began the quest for the Orb.
     0 | D:1      | Reached XP level 1. HP: 10/10 MP: 4/4
    81 | D:1      | Reached XP level 2. HP: 15/15 MP: 4/6
   510 | D:1      | Reached skill level 6 in Conjurations
   654 | D:1      | Reached XP level 3. HP: 19/19 MP: 4/7
  1145 | D:2      | Learned a level 2 spell: Searing Ray
  1149 | D:2      | Learned a level 3 spell: Swiftness
  1525 | D:2      | You fall into a shaft and drop 1 floor!
  1642 | D:3      | Reached skill level 1 in Armour
  1743 | D:3      | Reached XP level 4. HP: 24/24 MP: 6/8
  1934 | D:3      | Noticed an ogre
  1940 | D:3      | Killed an ogre
  1941 | D:3      | Reached skill level 7 in Conjurations
  1941 | D:3      | Reached XP level 5. HP: 28/28 MP: 2/10
  2946 | D:2      | Found Yduyph's Armour Shoppe.
  3065 | D:4      | Noticed an ogre
  3070 | D:4      | Killed an ogre
  3070 | D:4      | Noticed Menkaure
  3071 | D:4      | Reached XP level 6. HP: 26/32 MP: 3/11
  3177 | D:4      | Reached skill level 1 in Shields
  3271 | D:4      | Found a staircase to the Ecumenical Temple.
  3280 | Temple   | Entered the Ecumenical Temple
  3295 | Temple   | Became a worshipper of Ashenzari the Shackled
  3619 | D:4      | Found a runed translucent door.
  3620 | D:4      | Noticed Crazy Yiuf
  3681 | D:4      | Killed Menkaure
  3682 | D:4      | Reached skill level 8 in Conjurations
  3994 | D:5      | Entered Level 5 of the Dungeon
  4182 | D:5      | Found an ancient bone altar of Kikubaaqudgha.
  4237 | D:5      | Found Udubrein's Magic Scroll Shop.
  4310 | D:5      | Gained mutation: Your magical flight helps you evade
                  | attacks. (EV +4) [Tengu growth]
  4310 | D:5      | Reached XP level 7. HP: 36/36 MP: 8/13
  4452 | D:5      | Noticed Ijyb
  4463 | D:5      | Killed Ijyb
  4463 | D:5      | Noticed Robin
  4633 | D:5      | Succumbed to a gnoll sergeant's poison

Illustrated notes

Levels and vault maps discovered:
D:1:      minmay_arrival_three_doors, layout_basic, grunt_decor_one_mirror,
          minmay_surrounded
D:2:      layout_basic, serial_shops, nicolae_shop_trees,
          minmay_rat_gold_closets
D:3:      layout_loops_ring
D:4:      layout_rooms, minmay_temple_entry_wispy, uniq_menkaure,
          uniq_crazy_yiuf_cottage
D:5:      minmay_angry_zag, layout_basic, mainiacjoe_overflow_brackets,
          nicolae_gozag_cash_rules_everything_around_me, serial_shops,
          nicolae_inconvenience_store, kennysheep_small_spiral,
          nicolae_goblin_pals
Temple:   minmay_freezing_vapour_temple

Skill      XL: |  1  2  3  4  5  6 |
---------------+-------------------+-----
Conjurations   | 6 7 8 |  8.3
Armour         | 1 2 3 |  3.7
Spellcasting   | 3 |  3.6
Shields        | 1 |  1.7
Dodging        | |  2.1
Stealth        | |  2.0

Action                     |  1- 3 |  4- 6 |  7- 9 || total
---------------------------+-------+-------+-------++-------
  Melee: Unarmed           |    13 |       |       ||    13
         Kick              |     4 |       |       ||     4
         Peck              |     2 |     1 |       ||     3
         Staff             |     4 |     2 |       ||     6
   Cast: Magic Dart        |    68 |    46 |     9 ||   123
         Searing Ray       |       |     9 |     3 ||    12
    Use: Potion            |       |       |     2 ||     2
 Armour: Robe              |     8 |       |       ||     8
         Ice dragon scales |     6 |     5 |     3 ||    14
  Dodge: Dodged            |    14 |     3 |     8 ||    25
  Block: Buckler           |       |     2 |       ||     2

Table legend: (Time is in decaauts)
 A = Elapsed time spent in this place.
 B = Non-inter-level travel time spent in this place.
 C = Inter-level travel time spent in this place.
 D = Time resting spent in this place.
 E = Time spent auto-exploring this place.
 F = Levels seen in this place.
 G = Mean time per level.
                   A        B        C        D        E       F      G
               +--------+--------+--------+--------+--------+-----+--------+
         Total |   4633 |   4475 |    158 |     61 |   3883 |   6 |  772.2 |
       Dungeon |   4612 |   4454 |    158 |     61 |   3883 |   5 |  922.4 |
        Temple |     20 |     20 |      0 |      0 |      0 |   1 |   20.0 |
               +--------+--------+--------+--------+--------+-----+--------+

Top non-repeatable levels by time:
     D:2: 1253 daAuts
     D:3: 932 daAuts
     D:1: 907 daAuts
     D:4: 879 daAuts
     D:5: 638 daAuts
  Temple: 20 daAuts
